 Dungeon Crawl Stone Soup version 0.25-a0-578-gc91f01c (webtiles) character file.

Game seed: 2202732388941493016, levelgen mode: deterministic

9476 BlueFish the Carver (level 11, 0/99 HPs)
             Began as a Minotaur Fighter on Mar 4, 2020.
             Was an Elder of Yredelemnul.
             Killed by vampiric draining
             ... invoked by Josephine
              (22 damage)
             ... on level 11 of the Dungeon.
             The game lasted 00:21:22 (11362 turns).

BlueFish the Carver (Minotaur Fighter)             Turns: 11362, Time: 00:21:23

Health: 0/99       AC: 18    Str: 21    XL:     11   Next: 23%
Magic:  14/14      EV:  8    Int:  5    God:    Yredelemnul [****..]
Gold:   518        SH:  0    Dex: 13    Spells: 10/10 levels left

rFire    . . .     SeeInvis .   a - +0 long sword
rCold    . . .     Gourm    +   (no shield)
rNeg     . . .     Faith    .   b - +0 plate armour
rPois    +         Spirit   .   (helmet restricted)
rElec    .         Reflect  .   y - scarf {repulsion}
rCorr    +         Harm     .   m - +1 pair of gloves
MR       .....                  p - +0 pair of boots
Stlth    ..........             n - amulet of the gourmand
HPRegen  0.26/turn              s - ring of resist corrosion
MPRegen  0.14/turn              w - ring of poison resistance

@: confused, stab, drained, repel missiles
A: retaliatory headbutt, horns 2
a: Recall Undead Slaves, Injury Mirror, Animate Dead, Drain Life, Renounce
Religion


You were on level 11 of the Dungeon.
You worshipped Yredelemnul.
Yredelemnul was greatly pleased with you.
You were very full.

You visited 2 branches of the dungeon, and saw 12 of its levels.

You collected 518 gold pieces.

Inventory:

Hand Weapons
 a - a +0 long sword (weapon)
 o - a +1 short sword of holy wrath
 u - a +2 dagger of freezing
 C - a +1 flail of protection
 G - a +0 short sword of speed
 H - a +1 dagger of electrocution
Armour
 b - a +0 plate armour (worn)
 c - a +0 kite shield
 m - a +1 pair of gloves (worn)
 p - a +0 pair of boots (worn)
 y - a scarf of repulsion (worn)
Jewellery
 n - an amulet of the gourmand (around neck)
 s - a ring of resist corrosion (left hand)
 w - a ring of poison resistance (right hand)
 E - a +4 ring of dexterity
Wands
 g - a wand of random effects (17)
 q - a wand of polymorph (11)
 t - a wand of scattershot (6)
Scrolls
 d - 4 scrolls of enchant armour
 e - a scroll of amnesia
 j - 7 scrolls of remove curse
 r - a scroll of immolation
 v - 2 scrolls of teleportation
 F - 2 scrolls of noise
Potions
 h - 3 potions of curing
 i - 3 potions of stabbing
 l - 3 potions of haste
 x - a potion of resistance {unknown}
 z - a potion of ambrosia
 A - a potion of lignification {unknown}
 B - a potion of cancellation {unknown}
 D - 2 potions of brilliance
 J - a potion of flight {unknown}
Comestibles
 f - 23 rations


   Skills:
 * Level 10.0(8.8) Fighting
 * Level 12.5(11.2) Long Blades
 * Level 11.1(9.8) Armour
 + Level 4.2(3.2) Dodging
 + Level 2.2(1.2) Stealth
 + Level 3.9(2.9) Shields
 * Level 5.6(4.5) Invocations
 + Level 1.0(0.1) Evocations


You had 10 spell levels left.
You didn't know any spells.
Your spell library contained the following spells:

 Spells                   Type           Power        Failure   Level  Hunger
 Animate Skeleton         Necr           N/A          100%        1    ##.....
 Apportation              Tloc           #.....       100%        1    ##.....
 Beastly Appendage        Tmut           #.....       100%        1    ##.....
 Corona                   Hex            #......      100%        1    ##.....
 Summon Small Mammal      Summ           #...         100%        1    ##.....
 Poisonous Vapours        Pois/Air       #.....       100%        2    ###....
 Sticks to Snakes         Tmut           #.......     100%        2    ###....
 Conjure Flame            Conj/Fire      #.......     100%        3    ####...
 Mephitic Cloud           Conj/Pois/Air  #.......     100%        3    ####...
 Spider Form              Tmut/Pois      #.........   100%        3    ####...
 Ice Form                 Ice/Tmut       #.......     100%        4    #####..
 Blade Hands              Tmut           #.........   100%        5    ######.
 Freezing Cloud           Conj/Ice/Air   #.........   100%        6    #######
 Ring of Flames           Chrm/Fire      #.........   100%        7    #######


Dungeon Overview and Level Annotations

Branches:
Dungeon (11/15)            Temple (1/1) D:5            Lair (0/6) D:11
    Orc (0/2) D:9

Altars:
Ashenzari
Cheibriados
Dithmenos
Elyvilon
Fedhas
Gozag
Hepliaklqana
Kikubaaqudgha
Makhleb
Nemelex Xobeh
Okawaru
Qazlal
Ru
Sif Muna
Trog
Uskayaw
Vehumet
Wu Jian
Xom
Yredelemnul
Zin
The Shining One

Shops:
D:8 %   D:11 }

Annotations:
D:9 2 transporters
D:11 Josephine


Innate Abilities, Weirdness & Mutations

You reflexively headbutt those who attack you in melee.
You have a pair of horns on your head.


Message History

You feel yourself speed up.
Josephine is infused with unholy energy.
Josephine draws life force from you and is healed!
You feel ready to backstab. Josephine closely misses you.
You riposte.
You slash Josephine! Your headbutt misses Josephine.
Josephine is heavily wounded.
Josephine barely misses you.
You riposte.
You hit Josephine.
Josephine is severely wounded.
You hit Josephine. You headbutt Josephine!
Josephine is almost dead.
Josephine gestures at you while chanting.
The ghostly flame explodes!
The ghostly fireball engulfs you!
You feel drained.
* * * LOW HITPOINT WARNING * * *
The ghostly fireball engulfs Josephine.
Josephine completely resists.
You are confused.
You feel invigorated.
Josephine is infused with unholy energy.
You die...
Your body rises from the dead as a mindless zombie.

....'.##### ##'####
..^.#.....###+#####
#..Z<..
....#####.#.......#
#...... ......#
#.#.#####.#########......
#####.#
#.'...#...##......+......
#.#
#####.#.#.#(.######......
#.# #.>.#.'.## #......
#.# #.#####.### #......
#.# #..OW@@.# #####+# #.#
##.hW#### #.# #..S. #.#
#.... #.... #.... '....
##.... ..... _.._


You could see Josephine, a two-headed ogre, 2 wraiths, a hound and an adder.

Vanquished Creatures
  2 two-headed ogres
  A cyclops (D:11)
  2 komodo dragons (D:11)
  3 hippogriffs
  2 wraiths (D:11)
  3 yaks (D:10)
  A wyvern (D:10)
  A steam dragon (D:11)
  Duvessa (D:7)
  2 water moccasins
  4 orc warriors
  2 phantoms
  2 necrophages
  4 ice beasts
  An ogre (D:8)
  2 centaurs
  A crocodile (D:11)
  A big kobold (D:9)
  3 bullfrogs
  2 gnoll sergeants
  Dowan (D:7)
  A wyvern skeleton (D:10)
  4 scorpions
  A water moccasin skeleton (D:6)
  3 killer bees (D:8)
  3 howler monkeys
  5 wights
  8 crimson imps
  4 hounds
  A jelly (D:7)
  A bullfrog zombie (D:8)
  4 orc priests
  5 orc wizards
  5 bullfrog skeletons
  Terence (D:3)
  2 iguanas
  Natasha (thrice) (D:3)
  7 worker ants
  2 hound zombies
  A hound skeleton (D:4)
  A worker ant zombie (D:5)
  12 adders
  5 gnolls
  A gnoll skeleton (D:6)
  A shadow imp (D:6)
  3 oozes
  An adder zombie (D:10)
  2 worms
  2 dart slugs (D:1)
  3 leopard geckos
  25 orcs
  4 giant cockroaches
  10 goblins
  7 hobgoblins
  6 jackals
  11 kobolds
  5 quokkas
  4 ball pythons (D:1)
  6 bats
  4 frilled lizards
  A quokka skeleton (D:6)
  7 rats
223 creatures vanquished.

Vanquished Creatures (collateral kills)
  A two-headed ogre (D:10)
  A hippogriff (D:7)
  3 yaks (D:10)
  A wyvern (D:11)
  A hungry ghost (D:9)
  A water moccasin (D:7)
  2 ogres
  3 bullfrogs
  A jelly (D:8)
  A crimson imp (D:10)
  A hound (D:10)
  2 orc priests
  An orc wizard (D:8)
  An iguana (D:7)
  2 worker ants
  2 gnolls (D:9)
  3 orcs
  A giant cockroach (D:6)
28 creatures vanquished.

Vanquished Creatures (others)
  A hippogriff skeleton (D:10)
  2 wights (D:10)
  A howler monkey (D:11)
  A yak skeleton (D:10)
  A bullfrog skeleton (D:7)
  A killer bee zombie (D:8)
  2 elf skeletons (D:7)
  An iguana skeleton (D:7)
  3 gnoll skeletons (D:9)
  3 orc skeletons
16 creatures vanquished.

Grand Total: 267 creatures vanquished

Notes
Turn   | Place    | Note
-------+----------+-------------------------------------------
     0 | D:1      | BlueFish the Minotaur Fighter began the quest for the Orb.
     0 | D:1      | Reached XP level 1. HP: 19/19 MP: 0/0
   118 | D:1      | Reached XP level 2. HP: 24/27 MP: 1/1
   306 | D:1      | Found a snail-covered altar of Cheibriados.
   443 | D:1      | Reached XP level 3. HP: 33/33 MP: 2/2
   760 | D:2      | Reached skill level 3 in Long Blades
  1188 | D:2      | Reached XP level 4. HP: 40/41 MP: 3/3
  1254 | D:2      | Found a hide-covered altar of Uskayaw.
  1477 | D:3      | Found a burning altar of Makhleb.
  1500 | D:3      | Found a shimmering altar of Xom.
  1752 | D:3      | Noticed Natasha
  1760 | D:3      | Killed Natasha
  1844 | D:3      | Noticed Terence
  1853 | D:3      | Killed Terence
  1853 | D:3      | Reached skill level 4 in Long Blades
  1853 | D:3      | Reached XP level 5. HP: 32/47 MP: 4/4
  1854 | D:3      | Found an ancient bone altar of Kikubaaqudgha.
  1985 | D:3      | Found a shimmering blue altar of Sif Muna.
  2272 | D:3      | Noticed Natasha
  2280 | D:3      | Killed Natasha
  2346 | D:3      | Noticed Natasha
  2356 | D:3      | Killed Natasha
  2356 | D:3      | Reached skill level 5 in Fighting
  2419 | D:4      | Reached skill level 5 in Long Blades
  2419 | D:4      | Reached skill level 5 in Armour
  2419 | D:4      | Reached XP level 6. HP: 47/56 MP: 5/5
  2836 | D:4      | Reached skill level 6 in Long Blades
  2915 | D:4      | Reached skill level 1 in Dodging
  3122 | D:5      | Entered Level 5 of the Dungeon
  3346 | D:5      | Found a staircase to the Ecumenical Temple.
  3410 | Temple   | Entered the Ecumenical Temple
  3446 | Temple   | Became a worshipper of Yredelemnul the Dark
  3727 | D:5      | Noticed a water moccasin
  3734 | D:5      | Killed a water moccasin
  3734 | D:5      | Reached XP level 7. HP: 55/61 MP: 6/6
  3922 | D:5      | Reached skill level 1 in Invocations
  4065 | D:5      | Found a stormy altar of Qazlal.
  4066 | D:5      | Noticed an air elemental
  4068 | D:5      | Noticed a fire elemental
  4239 | D:5      | Noticed a water elemental
  4677 | D:6      | Reached skill level 7 in Long Blades
  4677 | D:6      | Reached skill level 1 in Stealth
  4858 | D:6      | Reached XP level 8. HP: 63/69 MP: 8/8
  4921 | D:6      | Reached * piety under Yredelemnul
  4921 | D:6      | Reached skill level 8 in Long Blades
  5624 | D:6      | Found a glowing silver altar of Zin.
  6044 | D:7      | Reached skill level 9 in Long Blades
  6079 | D:7      | Reached XP level 9. HP: 78/79 MP: 10/10
  6102 | D:7      | Reached skill level 1 in Evocations
  6297 | D:7      | Noticed Dowan
  6299 | D:7      | Noticed Duvessa
  6316 | D:7      | Killed Duvessa
  6326 | D:7      | Killed Dowan
  6544 | D:7      | Found an opulent altar of Gozag.
  6831 | D:7      | Your ally Duvessa died
  6835 | D:7      | Your ally Dowan died
  7241 | D:8      | Reached ** piety under Yredelemnul
  7266 | D:8      | Reached skill level 10 in Long Blades
  7438 | D:8      | Found Zuniudat's Food Shoppe.
  7905 | D:8      | Found a white marble altar of Elyvilon.
  7909 | D:8      | Found a sacrificial altar of Ru.
  8075 | D:9      | Reached XP level 10. HP: 46/90 MP: 12/12
  8221 | D:9      | Reached *** piety under Yredelemnul
  8230 | D:9      | Received a gift from Yredelemnul (a wight)
  8303 | D:9      | Found a shadowy altar of Dithmenos.
  8305 | D:9      | Noticed a five-headed hydra
  8307 | D:9      | Found a transporter.
  8403 | D:9      | Found a transporter.
  8513 | D:9      | Found a staircase to the Orcish Mines.
  8649 | D:9      | Found an ornate altar of the Wu Jian Council.
  8691 | D:9      | Found a blossoming altar of Fedhas.
  8910 | D:10     | Entered Level 10 of the Dungeon
  8979 | D:10     | Noticed a two-headed ogre
  8990 | D:10     | Reached skill level 11 in Long Blades
  9002 | D:10     | Killed a two-headed ogre
  9324 | D:10     | Reached skill level 10 in Armour
  9349 | D:10     | Got a faintly glowing mace
  9389 | D:10     | Reached skill level 5 in Invocations
  9396 | D:10     | Received a gift from Yredelemnul (a wight)
  9946 | D:10     | Noticed a two-headed ogre
  9959 | D:10     | Killed a two-headed ogre
  9959 | D:10     | Reached skill level 12 in Long Blades
 10364 | D:11     | Noticed a two-headed ogre
 10366 | D:11     | Identified a scroll of acquirement
 10378 | D:11     | Killed a two-headed ogre
 10378 | D:11     | Reached XP level 11. HP: 28/95 MP: 14/14
 10916 | D:11     | Found a staircase to the Lair.
 11039 | D:11     | Found Uhioxt's Gadget Emporium.
 11039 | D:11     | Noticed a phantasmal warrior
 11040 | D:11     | Found an opulent altar of Gozag.
 11040 | D:11     | Found a bloodstained altar of Trog.
 11109 | D:11     | Reached **** piety under Yredelemnul
 11291 | D:11     | Reached skill level 10 in Fighting
 11317 | D:11     | Noticed Josephine
 11352 | D:11     | HP: 4/97 [Josephine/vampiric draining (8)]
 11356 | D:11     | Noticed a two-headed ogre
 11362 | D:11     | Killed from afar by Josephine

Levels and vault maps discovered:
D:1:      evilmike_arrival_rings, layout_rooms, serial_bayou,
          serial_bayou_pond_e, serial_bayou_shore_b, serial_bayou_shore_a,
          serial_bayou_ford_a, serial_bayou_crossing, cheibriados_altar_1
D:2:      layout_rooms, nicolae_overflow_crystal_walls
D:3:      layout_loops_corners, old_standard_altar, kiku_gazebo_pond_becter,
          nicolae_overflow_hidden_temple, xom_butterflies, uniq_natasha,
          uniq_terence
D:4:      layout_rooms, first_ration
D:5:      layout_layer_cave, nicolae_qazlal_style_of_elements,
          minmay_temple_entry_statues
D:6:      layout_rooms, kennysheep_mini_moat, sword_in_stone
D:7:      layout_loops_ring, marbit_many_paths, uniq_duvessa
D:8:      layout_basic, gammafunk_temple_overflow_statue, serial_shops,
          nicolae_shop_window_shopping, minmay_misc_feat_encased,
          minmay_misc_feat_tiny
D:9:      layout_roguey, gammafunk_temple_overflow_arena, fedhas_altar_2,
          kennysheep_little_box, orc_0_dummy
D:10:     layout_basic
D:11:     layout_roguey, erik_lair_dragon, serial_shops, shop, the_bakery,
          chequers_jeans, jmf_multi_god_temple, uniq_josephine
Temple:   jpeg_temple_island

Skill      XL: |  1  2  3  4  5  6  7  8  9 10 11 |
---------------+----------------------------------+-----
Fighting       | 4 5 6 7 8 9 10 | 10.0
Armour         | 4 5 6 7 9 10 11 | 11.1
Long Blades    | 3 4 5 6 7 9 10 12 | 12.5
Dodging        | 1 2 3 4 |  4.2
Invocations    | 1 2 4 5 |  5.6
Stealth        | 1 2 |  2.2
Evocations     | 1 |  1.0
Shields        | |  3.9

Action                   |  1- 3 |  4- 6 |  7- 9 | 10-12 || total
-------------------------+-------+-------+-------+-------++-------
Melee: Long sword        |   112 |   126 |   313 |   261 ||   812
       Headbutt          |    14 |    23 |    88 |    67 ||   192
Invok: Animate Remains   |       |       |    27 |     1 ||    28
       Animate Dead      |       |       |       |    11 ||    11
       Recall Undead Sla |       |       |       |     2 ||     2
Evoke: Wand              |       |       |    13 |       ||    13
  Use: Scroll            |     4 |     5 |     8 |     3 ||    20
       Potion            |       |     1 |     2 |     5 ||     8
 Stab: Distracted        |       |       |     1 |     1 ||     2
  Eat: Chunk             |     1 |    19 |    24 |    30 ||    74
Armor: Scale mail        |    74 |    51 |   176 |    74 ||   375
       Plate armour      |       |       |       |    52 ||    52
Dodge: Dodged            |    60 |    71 |   187 |   126 ||   444
       Deflected         |       |       |       |     2 ||     2
Block: Kite shield       |    10 |       |       |       ||    10
       Rpst.: Long sword |    10 |    17 |    49 |    29 ||   105

Table legend:
 A = Non-vault XP
 B = Vault XP
 C = Vault XP percentage of total XP
 D = Non-vault monster count
 E = Vault monster count
 F = Vault count percentage of total count
                 A         B        C        D         E       F
            +---------+---------+-------+---------+---------+-------
      Total |   11438 |    2100 |  15.5 |     236 |      15 |   6.0
            +---------+---------+-------+---------+---------+-------
        D:1 |      44 |       0 |   0.0 |      25 |       0 |   0.0
        D:2 |      60 |       0 |   0.0 |      23 |       0 |   0.0
        D:3 |     141 |      71 |  33.5 |      19 |       2 |   9.5
        D:4 |     372 |       0 |   0.0 |      16 |       0 |   0.0
        D:5 |     315 |       0 |   0.0 |      12 |       0 |   0.0
        D:6 |     853 |     404 |  32.1 |      20 |       4 |  16.7
        D:7 |    1177 |     234 |  16.6 |      22 |       2 |   8.3
        D:8 |    1705 |       0 |   0.0 |      39 |       0 |   0.0
        D:9 |    1072 |       0 |   0.0 |      22 |       0 |   0.0
       D:10 |    3968 |       0 |   0.0 |      30 |       0 |   0.0
       D:11 |    1731 |    1391 |  44.6 |       8 |       7 |  46.7
            +---------+---------+-------+---------+---------+-------
